 Dungeon Sprint DCSS version 0.28.0-43-g3370ac3207 (webtiles) character file.

Game seed: 9593194144087532515

1908 boopmooplesden the Bludgeoner (level 8, -12/91 HPs)
             Began as a Minotaur Berserker on Mar 2, 2022.
             Was a Priest of Trog.
             Mangled by a boulder beetle (15 damage)
             ... in the Dungeon (Sprint II: "The Violet Keep of Menkaure").
             The game lasted 00:02:47 (966 turns).

boopmooplesden the Bludgeoner (Minotaur Berserker)   Turns: 966, Time: 00:02:47

Health: -12/91     AC:  7    Str: 25    XL:     8   Next: 94%
Magic:  7/7        EV: 15    Int:  4    God:    Trog [***...]
Gold:   271        SH:  0    Dex: 13    Spells: 7/7 levels left

rFire   . . .      SeeInvis .   j - +5 war axe "Femuinyl" {vorpal, Str+4}
rCold   . . .      Faith    .   (no shield)
rNeg    . . .      Spirit   .   b - +0 animal skin
rPois   +          Reflect  .   (helmet restricted)
rElec   .          Harm     .   k - +0 cloak {rPois}
rCorr   .          Rampage  .   i - +2 pair of gloves
Will    .....      NoTele   +   (no boots)
Stlth   ++........              (no amulet)
HPRegen 0.25/turn               (no ring)
MPRegen 0.10/turn               (no ring)

@: on berserk cooldown, slowed, very slow
A: horns 2, retaliatory headbutt
a: Renounce Religion, Berserk, Trog's Hand


You were in the Dungeon.
You worshipped Trog.
Trog was most pleased with you.
You visited 1 branch You collected 729 gold pieces.
You spent 458 gold pieces at shops.

Inventory:

Hand Weapons
 a - a +0 mace
 j - the +5 war axe "Femuinyl" (weapon) {vorpal, Str+4}
   (You bought it in a shop in the Dungeon)

   It inflicts extra damage upon your enemies.
   Str:       It affects your strength (+4).
Armour
 b - a +0 animal skin (worn)
 i - a +2 pair of gloves (worn)
 k - a +0 cloak of poison resistance (worn)
Scrolls
 h - a scroll of blinking
Potions
 c - a potion of curing
 e - a potion of haste
 f - 2 potions of magic
 g - a potion of berserk rage


   Skills:
 + Level 15.0 Fighting
 + Level 2.5(10.2) Axes
 + Level 15.1(15.2) Maces & Flails
 + Level 7.6 Armour
 + Level 8.2 Dodging
 + Level 1.2 Stealth


You had 7 spell levels left.
You didn't know any spells.
Your spell library was empty.

Dungeon Overview and Level Annotations

Branches:
Dungeon (1/1)

Altars:

Shops:
D !:[?!=!=[[(?!(:

Annotations:
D exclusions: obsidian statue and oklob plant


Innate Abilities, Weirdness & Mutations

You have a pair of horns on your head.
You reflexively headbutt those who attack you in melee.


Message History

The boulder beetle barely misses you. x2
You slash the boulder beetle! You headbutt the boulder beetle!
The boulder beetle is moderately wounded.
The boulder beetle waves its antennae.
The boulder beetle misses you.
The boulder beetle leaps!
You slash the boulder beetle!
The boulder beetle is heavily wounded.
The boulder beetle leaps!
The boulder beetle curls into a ball and begins rolling!
Okay, then.
Okay, then.
You fail to use your ability.
The boulder beetle stops rolling and uncurls.
The boulder beetle curls into a ball and begins rolling!
You hit the boulder beetle but do no damage.
The boulder beetle is severely wounded.
The boulder beetle misses you. You furiously retaliate!
You headbutt the boulder beetle, but do no damage.
The boulder beetle stops rolling and uncurls.
The boulder beetle barely misses you.
You slice the boulder beetle!!
You kill the boulder beetle!
Trog accepts your kill.
The boulder beetle leaps!
Your Fighting skill increases to level 15!
Your base Axes skill gained 2 levels and is now at level 2!
Your Maces & Flails skill increases to level 15!
Your Dodging skill increases to level 8!
Your Stealth skill increases to level 1!
Unknown command.
You fail to use your ability.
You slash the boulder beetle!
You headbutt the boulder beetle, but do no damage.
The boulder beetle is heavily wounded.
The boulder beetle bites you!!
* * * LOW HITPOINT WARNING * * *
Your ogre goes berserk!
You can no longer call in reinforcements.
The boulder beetle bites you!
You die...

≈## ############≈≈#+++
###########≈≈≈...
##∩.......#≈≈≈≈.##+
##.∩.∩....#≈≈≈≈##.# ##
##..∩.∩...#≈≈≈≈#.###.#
##...∩.∩..#≈≈####.#.####
##....∩.⌠.#≈##.###'###.##
##...∩.∩..#≈#O@B##.##...#
##..∩.∩...'≈+###'.<.'.##+
##.∩.∩....#≈#...##.##...#
#▓▓▓▓▓▓▓###≈##.# #'###.##
##(YG######≈≈######.####
#![Y#S$ ##≈≈≈#..##.# ≈
#∩P!+..# #÷#≈##...## ≈≈≈
#!..#S##S##)#≈≈##'##≈≈≈≈≈
#/.$###S≈S####≈≈≈≈≈≈≈≈≈§§


You could see a boulder beetle (ally target) and a friendly ogre (summoned,
berserk).

Vanquished Creatures
  A boulder beetle (D)
  2 wyverns (D)
  4 neqoxecs (D)
  Menkaure (D)
  4 necrophages (D)
  A hell rat (D)
13 creatures vanquished.

Vanquished Creatures (others)
  A water moccasin (D)
1 creature vanquished.

Grand Total: 14 creatures vanquished

Notes
Turn   | Place    | Note
-------+----------+-------------------------------------------
     0 | D        | boopmooplesden the Minotaur Berserker began the quest for
                  | the Orb.
     0 | D        | Reached XP level 1. HP: 19/19 MP: 0/0
     1 | D        | Noticed a necrophage
     1 | D        | Noticed a necrophage
     1 | D        | Noticed a necrophage
     1 | D        | Noticed a necrophage
     7 | D        | Killed a necrophage
     8 | D        | Reached XP level 2. HP: 34/34 MP: 1/1
     8 | D        | Reached XP level 3. HP: 39/39 MP: 2/2
     8 | D        | Reached XP level 4. HP: 47/47 MP: 3/3
    10 | D        | Killed a necrophage
    11 | D        | Reached XP level 5. HP: 56/56 MP: 4/4
    19 | D        | Killed a necrophage
    19 | D        | Reached ** piety under Trog
    20 | D        | Reached skill level 10 in Fighting
    20 | D        | Reached skill level 10 in Maces & Flails
    20 | D        | Reached skill level 5 in Armour
    25 | D        | Killed a necrophage
    26 | D        | Reached skill level 5 in Dodging
    26 | D        | Reached XP level 6. HP: 38/67 MP: 5/5
    42 | D        | Killed a water moccasin
   158 | D        | Noticed a wyvern
   158 | D        | Noticed a wyvern
   162 | D        | Noticed a neqoxec
   167 | D        | Killed a neqoxec
   169 | D        | Noticed a neqoxec
   169 | D        | Noticed a neqoxec
   169 | D        | Noticed a neqoxec
   176 | D        | Killed a neqoxec
   177 | D        | Reached XP level 7. HP: 67/77 MP: 6/6
   181 | D        | Killed a neqoxec
   181 | D        | Reached *** piety under Trog
   189 | D        | Killed a neqoxec
   192 | D        | Noticed an obsidian statue
   464 | D        | Noticed a boulder beetle
   464 | D        | Noticed a boulder beetle
   472 | D        | Killed a wyvern
   473 | D        | Reached XP level 8. HP: 62/86 MP: 7/7
   477 | D        | Reached **** piety under Trog
   683 | D        | Found Secokh's Book Shop.
   684 | D        | Found Edeerph's Distillery.
   684 | D        | Found Licer's Magic Scroll Boutique.
   684 | D        | Found Feej's Antique Weapon Boutique.
   685 | D        | Found Upibrif's Antique Armour Boutique.
   685 | D        | Found Goj Maos's Jewellery Shop.
   700 | D        | Found Etikodi's Armour Shop.
   700 | D        | Found Het Depsue's Antique Weapon Shop.
   701 | D        | Found Zidum's Jewellery Boutique.
   701 | D        | Found Vodghaposk's Distillery.
   701 | D        | Found Xouwker's Distillery.
   701 | D        | Noticed a great orb of eyes
   704 | D        | Noticed Menkaure
   722 | D        | Killed Menkaure
   726 | D        | Found Peogaunk's Magic Scroll Boutique.
   726 | D        | Found Fatoiph's Antique Armour Shop.
   726 | D        | Noticed an oklob plant
   727 | D        | Found Xuefi's Book Shoppe.
   727 | D        | Found Hon Pidghamy's Distillery.
   736 | D        | Bought a pair of embroidered gloves for 142 gold pieces
   745 | D        | Bought a jewelled war axe for 144 gold pieces
   745 | D        | Identified the +5 war axe "Femuinyl" {vorpal, Str+4} (You
                  | bought it in a shop in the Dungeon)
   904 | D        | Bought a runed cloak for 172 gold pieces
   963 | D        | Killed a boulder beetle
   964 | D        | Reached skill level 15 in Fighting
   964 | D        | Reached skill level 15 in Maces & Flails
   964 | D        | Reached skill level 1 in Stealth
   965 | D        | HP: 2/91 [boulder beetle (25)]
   966 | D        | Mangled by a boulder beetle

Illustrated notes

Levels and vault maps discovered:
D:        the_violet_keep_of_menkaure [sprint2_stairs_cluster_1,
          sprint2_shoproom, sprint2_temple, sprint2_basic_supplies,
          sprint2_obstacle_3, sprint2_obstacle_1, sprint2_obstacle_5,
          sprint2_obstacle_7, sprint2_obstacle_4, sprint2_timed_cluster_1,
          sprint2_smallroom_cluster_1, sprint2_smallroom_final_cluster_1,
          sprint2_transparent_cluster_1, sprint2_second_timed_cluster_1,
          sprint2_sniper_area_1, sprint2_heavy_combat_area_1,
          sprint2_mutation_trap_area_1, sprint2_forest_area_1,
          sprint2_light_combat_area_1, sprint2_behind_water_1,
          sprint2_near_end_vault_1]

Skill      XL: |  1  2  3  4  5  6  7  8 |
---------------+-------------------------+-----
Fighting       | 7 8 10 12 13 15 | 15.0
Maces & Flails | 7 8 10 12 13 15 | 15.1
Armour         | 4 5 6 7 |  7.6
Dodging        | 3 4 5 6 7 8 |  8.2
Axes           | 2 |  2.5
Stealth        | 1 |  1.2

Action                   |  1- 3 |  4- 6 |  7- 9 || total
-------------------------+-------+-------+-------++-------
Melee: Mace              |     5 |    26 |    43 ||    74
       Headbutt          |     1 |     5 |     8 ||    14
       Punch             |     1 |     1 |     1 ||     3
       War axe           |       |       |    15 ||    15
Invok: Berserk           |     1 |     1 |     1 ||     3
       Brothers in Arms  |       |       |     1 ||     1
  Use: Potion            |       |       |     1 ||     1
Armor: Animal skin       |     2 |     1 |     4 ||     7
Dodge: Dodged            |     1 |     5 |    22 ||    28
